 Dungeon Sprint DCSS version 0.30-a0-737-gf23d94013f (webtiles) character file.

Game seed: 17429540333707801297

559112 BigDaddyOpFi the End of an Era (level 21, 50/201 HPs)
             Began as a Hill Orc Fighter on Feb 1, 2023.
             Was the Champion of Qazlal.
             Escaped with the Orb!
             The game lasted 00:49:56 (18206 turns).

BigDaddyOpFi the End of an Era (Hill Orc Fighter)  Turns: 18206, Time: 00:49:57

Health: 50/201     AC: 15    Str: 44    XL:     21   Next: 81%
Magic:  14/45      EV: 25    Int:  8    God:    Qazlal [******]
Gold:   0          SH: 44    Dex: 13    Spells: 40/60 levels left

rFire   . . .      SeeInvis .    F - +6 shillelagh "Devastator" {shatter}
rCold   + . .      Faith    .    E - +18 shield of the Gong {Loud rElec rN+ Will+ EV-5}
rNeg    + . .      Spirit   .    (no body armour)
rPois   .          Reflect  .    Z - +0 helmet "Giticlol" {Dex+3}
rElec   +          Harm     .    R - +2 cloak {Stlth+}
rCorr   +          Rampage  .    Q - +2 pair of gloves {Str+3}
Will    ++...      NoTele   +    U - +3 pair of mountain boots {steadfast, rC+}
Stlth   +                        V - amulet of the Air {Inacc Air Fly rElec RMsl}
HPRegen 0.53/turn                A - +6 ring of strength
MPRegen 0.29/turn                Y - ring of Ikhuf {*Slow rCorr EV+5 Str+5 Int+2}

@: flying, contaminated, glowing, studying 3 skills, repel missiles, unable to
read
A: fangs 1, dopey 1, frail 1, screaming 1, inability to read after injury 1,
sturdy frame 1
0: Orb of Zot
a: Renounce Religion, Upheaval, Elemental Force, Disaster Area


You escaped.
You worshipped Qazlal.
Qazlal was exalted by your worship.
You visited 1 branch

Inventory:

Hand Weapons
 c - a +4 heavy mace
 F - the +6 shillelagh "Devastator" (weapon) {shatter}
   (You found it in the Dungeon)
Armour
 B - the +0 pair of gloves of the Present {rPois rC+ Will+ Regen+}
   (You found it in the Dungeon)

   rC:        It protects you from cold.
   rPois:     It protects you from poison.
   Regen:     It increases your rate of health regeneration.
   Will:      It increases your willpower.
 D - the +15 Maxwell's patent armour {-Cast -Tele rElec Will+ rCorr}
   (You found it in the Dungeon)

   rElec:     It insulates you from electricity.
   -Cast:     It prevents spellcasting.
   -Tele:     It prevents most forms of teleportation.
   rCorr:     It protects you from acid and corrosion.
   Will:      It increases your willpower.
 E - the +18 shield of the Gong (worn) {Loud rElec rN+ Will+ EV-5}
   (You found it in the Dungeon)

   Loud:      It is deafeningly noisy when blocking attacks.
   EV:        It affects your evasion (-5).
   rElec:     It insulates you from electricity.
   rN:        It protects you from negative energy.
   Will:      It increases your willpower.
 Q - a +2 pair of gloves of strength (worn)
 R - a +2 cloak of stealth (worn)
 U - the +3 pair of mountain boots (worn) {steadfast, rC+}
   (You found it in the Dungeon)

   Steadfast: It prevents involuntary movement, except for blinking,
   teleportation, or banishment.
   rC:        It protects you from cold.
 Z - the +0 helmet "Giticlol" (worn) {Dex+3}
   (You found it in the Dungeon)

   Dex:       It affects your dexterity (+3).
Jewellery
 f - the ring "Xoifiw" {*Slow Will+++ Str-5 Dex+6 SInv}
   (You took it off a balrug in the Dungeon)

   [ring of see invisible]

   Str:       It affects your strength (-5).
   Dex:       It affects your dexterity (+6).
   SInv:      It lets you see invisible.
   *Slow:     It may slow you when you take damage.
   Will:      It greatly increases your willpower.
 n - the amulet "Dapuoz" {Acrobat rElec rPois Stlth+}
   (You took it off a deep elf blademaster in the Dungeon)

   [amulet of the acrobat]

   It increases your evasion while moving and waiting.
   rElec:     It insulates you from electricity.
   rPois:     It protects you from poison.
   Stlth:     It makes you more stealthy.
 v - a +6 ring of intelligence
 w - the ring of the Lotus Blossom {rElec rC+ rCorr}
   (You took it off an orc high priest in the Dungeon)

   [ring of protection from cold]

   rC:        It protects you from cold.
   rElec:     It insulates you from electricity.
   rCorr:     It protects you from acid and corrosion.
 x - a ring of willpower
 y - an amulet of reflection
 z - a +6 ring of intelligence
 A - a +6 ring of strength (left hand)
 G - a ring of poison resistance
 H - a +5 ring of evasion
 I - the ring "Deuheuq" {rElec rPois rC+ Will++ Str-4}
   (You found it in the Dungeon)

   [ring of poison resistance]

   Str:       It affects your strength (-4).
   rC:        It protects you from cold.
   rElec:     It insulates you from electricity.
   rPois:     It protects you from poison.
   Will:      It greatly increases your willpower.
 J - a ring of ice
 K - a +4 ring of slaying
 L - an amulet of regeneration
 M - the macabre finger necklace {Finger+ rN+}
   (You took it off a meliai in the Dungeon)

   [amulet of nothing]

   Finger+:   It enables you to equip an extra ring.
   rN:        It protects you from negative energy.
 V - the amulet of the Air (around neck) {Inacc Air Fly rElec RMsl}
   (You found it in the Dungeon)

   [amulet of nothing]

   Inacc:     It reduces the accuracy of your attacks and spells.
   Air:       It enhances your air magic.
   rElec:     It insulates you from electricity.
   Fly:       It grants you flight.
   RMsl:      It protects you from missiles.
 X - the amulet of the Four Winds {rN+ Will+++ Clar}
   (You found it in the Dungeon)

   [amulet of nothing]

   rN:        It protects you from negative energy.
   Clar:      It protects you against confusion.
   Will:      It greatly increases your willpower.
 Y - the ring of Ikhuf (right hand) {*Slow rCorr EV+5 Str+5 Int+2}
   (You found it in the Dungeon)

   [ring of evasion]

   EV:        It affects your evasion (+5).
   Str:       It affects your strength (+5).
   Int:       It affects your intelligence (+2).
   rCorr:     It protects you from acid and corrosion.
   *Slow:     It may slow you when you take damage.
Wands
 s - a wand of mindburst (7)
 u - a wand of light (4)
Scrolls
 j - 4 scrolls of blinking
 o - 4 scrolls of amnesia
 p - 8 scrolls of fog
 q - 5 scrolls of identify
 r - a scroll of fear
 t - 2 scrolls of brand weapon
 T - 6 scrolls of enchant armour
Potions
 d - 6 potions of might
 e - 10 potions of curing
 g - 6 potions of haste
 h - 3 potions of magic
 i - 3 potions of berserk rage
 k - 2 potions of brilliance
 l - 2 potions of invisibility
 m - 4 potions of resistance
Miscellaneous
 a - a tin of tremorstones (2/2)
 C - a lightning rod (4/4)
 N - a lightning rod (4/4)
 O - a piece from Xom's chessboard (15/15)
 P - a phantom mirror (quivered)
 S - a phantom mirror
 W - a phial of floods


   Skills:
 O Level 27 Fighting
 - Level 2.6(21.2) Axes
 O Level 27 Maces & Flails
 O Level 27 Armour
 O Level 27 Dodging
 O Level 27 Stealth
 O Level 27 Shields
 - Level 20.4 Spellcasting
 - Level 15.9 Conjurations
 - Level 14.1 Fire Magic
 * Level 18.4 Earth Magic
 O Level 27 Invocations
 O Level 27 Evocations


You had 40 spell levels left.
You knew the following spells:

 Your Spells              Type           Power      Damage    Failure   Level
a - Iskenderun's Battles  Conj           33%        2d9       1%          5
b - Orb of Destruction    Conj           16%        9d7       7%          7
c - Lehudib's Crystal Sp  Conj/Erth      17%        10d5      30%         8

Your spell library contained the following spells:

 Spells                   Type           Power      Damage    Failure   Level
 Sandblast                Erth           74%        2d16      0%          1
 Stone Arrow              Conj/Erth      70%        3d11      0%          3
 Kiss of Death            Conj/Necr      80%        2d11      1%          1
 Momentum Strike          Conj/Tloc      40%        3d9       1%          2
 Passwall                 Tmut/Erth      18%        N/A       1%          2
 Scorch                   Fire           60%        2d8       1%          2
 Static Discharge         Conj/Air       62%        2-5/arc   1%          2
 Hailstorm                Conj/Ice       20%        3d6       1%          3
 Animate Armour           Summ/Erth      44%        N/A       1%          4
 Flame Wave               Conj/Fire      32%        2d9       1%          4
 Leda's Liquefaction      Hex/Erth       11%        N/A       1%          4
 Petrify                  Tmut/Erth      22%        N/A       1%          4
 Fireball                 Conj/Fire      16%        3d8       1%          5
 Lee's Rapid Deconstruct  Erth           18%        3d11*     1%          5
 Ignite Poison            Fire/Tmut/Pois 15%        N/A       2%          3
 Kindle Blastsparks       Fire/Tloc/Air  46%        2d13      2%          3
 Borgnjor's Vile Clutch   Necr/Erth      11%        N/A       3%          5
 Necrotise                Necr           32%        1d5       5%          1
 Sting                    Tmut/Pois      32%        1d4       5%          1
 Summon Small Mammal      Summ           32%        N/A       5%          1
 Arcjolt                  Conj/Air       15%        1d25      6%          5
 Irradiate                Conj/Tmut      10%        3d15      6%          5
 Cigotuvi's Dreadful Rot  Necr/Pois/Air  24%        N/A       9%          2
 Ensorcelled Hibernation  Hex/Ice        16%        N/A       9%          2
 Lesser Beckoning         Tloc           16%        N/A       9%          2
 Poisonous Vapours        Pois/Air       24%        N/A       9%          2
 Sublimation of Blood     Necr           8%         N/A       9%          2
 Call Canine Familiar     Summ           8%         N/A       16%         3
 Ozocubu's Armour         Ice            8%         N/A       16%         3
 Portal Projectile        Hex/Tloc       16%        N/A       16%         3
 Spider Form              Tmut/Pois      8%         N/A       16%         3
 Summon Guardian Golem    Hex/Summ       8%         N/A       16%         3
 Teleport Other           Tloc           8%         N/A       16%         3
 Tukima's Dance           Hex            8%         N/A       16%         3
 Vampiric Draining        Necr           8%         2d6       16%         3
 Vhi's Electric Charge    Tloc/Air       24%        N/A       16%         3
 Freezing Cloud           Conj/Ice/Air   12%        6-21      17%         5
 Statue Form              Tmut/Erth      14%        N/A       19%         6
 Conjure Ball Lightning   Conj/Air       15%        3x3d6     32%         6
 Anguish                  Hex/Necr       4%         N/A       47%         4
 Animate Dead             Necr           8%         N/A       47%         4
 Dispel Undead            Necr           8%         3d8       47%         4
 Ice Form                 Ice/Tmut       8%         N/A       47%         4
 Olgreb's Toxic Radiance  Pois           8%         N/A       47%         4
 Passage of Golubria      Tloc           8%         N/A       47%         4
 Summon Lightning Spire   Summ/Air       12%        N/A       47%         4
 Agony                    Necr           8%         N/A       83%         5
 Alistair's Intoxication  Tmut/Pois      5%         N/A       83%         5
 Blade Hands              Tmut           4%         N/A       83%         5
 Metabolic Englaciation   Hex/Ice        4%         N/A       83%         5
 Silence                  Hex/Air        6%         N/A       83%         5
 Summon Forest            Summ/Tloc      4%         N/A       83%         5
 Summon Mana Viper        Hex/Summ       8%         N/A       83%         5
 Yara's Violent Unravell  Hex/Tmut       4%         3d4       83%         5
 Spellforged Servitor     Conj/Summ      10%        N/A       87%         7
 Death Channel            Necr           4%         N/A       100%        6
 Eringya's Noxious Bog    Tmut/Pois      4%         N/A       100%        6
 Simulacrum               Ice/Necr       4%         N/A       100%        6
 Summon Cactus Giant      Summ           4%         N/A       100%        6
 Dragon Form              Tmut           4%         N/A       100%        7
 Enfeeble                 Hex            4%         N/A       100%        7
 Haunt                    Necr/Summ      4%         N/A       100%        7
 Malign Gateway           Summ/Tloc      4%         N/A       100%        7
 Storm Form               Tmut/Air       6%         N/A       100%        7
 Summon Hydra             Summ           4%         N/A       100%        7
 Borgnjor's Revivificati  Necr           4%         N/A       100%        8
 Discord                  Hex            4%         N/A       100%        8
 Disjunction              Tloc           4%         N/A       100%        8
 Infestation              Necr           4%         N/A       100%        8
 Maxwell's Capacitive Co  Air            6%         ∞         100%        8
 Summon Horrible Things   Summ           4%         N/A       100%        8


Dungeon Overview and Level Annotations

Branches:
Dungeon (1/1)

Altars:
Ashenzari
Cheibriados
Dithmenos
Elyvilon
Fedhas
Gozag
Hepliaklqana
Kikubaaqudgha
Makhleb
Nemelex Xobeh
Okawaru
Qazlal
Ru
Sif Muna
Trog
Uskayaw
Vehumet
Wu Jian
Xom
Yredelemnul
Zin
The Shining One
Beogh
Jiyva
Lugonu

Annotations:
D forest


Innate Abilities, Weirdness & Mutations

You have very sharp teeth.
You are dopey. (Int -2)
You are frail. (-10% HP)
You occasionally shout uncontrollably at your foes.
You occasionally lose the ability to read scrolls when taking damage.
Your movements are slightly less encumbered by armour. (ER -2)


Message History

The crystal spear misses the Tzitzimitl.
You hear a screech!
Casting: Lehudib's Crystal Spear (dangerous; 30% risk of failure)
Confirm with . or Enter, or press ? or * to list all spells.
Aiming: Lehudib's Crystal Spear (dangerous; 30% risk of failure)
Press: ? - help, Shift-Dir - straight line, f/p - Tzitzimitl
Aim: a Tzitzimitl (sparse dust, 34% to hit)
You miscast Lehudib's Crystal Spear.
You are very lightly contaminated with residual magic.
You feel a strange surge of energy!! You block the Tzitzimitl's attack.
SHROANNG!
You block the Tzitzimitl's attack.
BONNNG!
Casting: Lehudib's Crystal Spear (dangerous; 30% risk of failure)
Confirm with . or Enter, or press ? or * to list all spells.
Aiming: Lehudib's Crystal Spear (dangerous; 30% risk of failure)
Press: ? - help, Shift-Dir - straight line, f/p - Tzitzimitl
Aim: a Tzitzimitl (34% to hit)
You miscast Lehudib's Crystal Spear.
You are contaminated with residual magic.
The air around you crackles with energy!!
The Tzitzimitl calls on the powers of darkness!
Your body is wracked with pain!
Casting: Lehudib's Crystal Spear (dangerous; 30% risk of failure)
Confirm with . or Enter, or press ? or * to list all spells.
Aiming: Lehudib's Crystal Spear (dangerous; 30% risk of failure)
Press: ? - help, Shift-Dir - straight line, f/p - Tzitzimitl
Aim: a Tzitzimitl (34% to hit)
The crystal spear misses the Tzitzimitl.
The Tzitzimitl calls on the powers of darkness!
Your body is wracked with pain!
You feel threatened and lose the ability to read scrolls!
* * * LOW HITPOINT WARNING * * *
Okay, then.
You can't go down here!
You block the Tzitzimitl's attack.
GONNNNG!
You block the Tzitzimitl's attack.
PTOANNNG!
You have escaped!

............▓..▓.......▓..▓...8©8
............▓.▓▓▓.....▓▓▓.▓...|[.
............▓..▓.......▓..▓..)[.)
............▓.............▓......
............▓......©......▓...÷..
............▓▓▓▓▓▓▓▓▓▓▓▓▓▓▓......
............▓8888888888888▓......
▓.......▓...▓8.°[○.......8▓..▓...
............▓8))@.....©..8▓.▓....
≈...........▓8)1[.°......8▓....©.
....©.......▓8888888888888▓▓▓▓▓▓▓
▓▓▓▓▓▓▓▓▓▓▓▓▓▓▓▓▓▓▓▓▓▓▓▓▓▓▓▓▓▓▓▓▓
.....8©8|:......▓ ......8©8.....
..)..)):....))).▓ .})|:}".:)))..
).)[).....))..|.▓ ))))}).....).|.
....)).[...).)|.▓ )[[...).......)
.)÷...).}..[....▓ ..)))........}.


You could see a Tzitzimitl.

Vanquished Creatures
  A seraph (D)
  An ancient lich (D)
  A dread lich (D)
  A royal mummy (D)
  A caustic shrike (D)
  10 pandemonium lords (D)
  2 Tzitzimimeh (D)
  4 Hell Sentinels (D)
  9 Brimstone Fiends (D)
  A lich (D)
  5 Ice Fiends (D)
  9 hellephants (D)
  13 Orb Guardians (D)
  11 searing wretches (D)
  16 deep elf master archers (D)
  4 ancient champions (D)
  12 deep elf blademasters (D)
  An acid blob (D)
  A shadow dragon (D)
  A draconian monk (D)
  An azure jelly (D)
  A nagaraja (D)
  3 daevas (D)
  2 draconian knights (D)
  8 deep elf sorcerers (D)
  5 rockslimes (D)
  An emperor scorpion (D)
  5 fire giants (D)
  18 balrugs (D)
  2 iron dragons (D)
  A draconian scorcher (D)
  2 quicksilver elementals (D)
  7 ghost moths (D)
  A draconian shifter (D)
  5 reapers (D)
  4 orc warlords (D)
  6 cacodemons (D)
  2 angels (D)
  A war gargoyle (D)
  A demonspawn corrupter (D)
  A quicksilver ooze (D)
  2 ghouls (D)
  A demonspawn blood saint (D)
  14 green draconians (D)
  4 red draconians (D)
  2 demonspawn black suns (D)
  A stone giant (D)
  3 lorocyprocas (D)
  8 deep elf annihilators (D)
  5 black draconians (D)
  2 deep elf demonologists (D)
  7 yellow draconians (D)
  14 white draconians (D)
  A spark wasp (D)
  3 blizzard demons (D)
  7 purple draconians (D)
  2 green deaths (D)
  4 fire dragons (D)
  3 entropy weavers (D)
  3 great orbs of eyes (D)
  12 deep elf high priests (D)
  4 hell beasts (D)
  2 jorogumos (D)
  3 radroaches (D)
  An anaconda (D)
  2 stokers (D)
  11 dancing weapons (D)
  2 boulder beetles (D)
  2 vampire magi (D)
  12 hell hogs (D)
  3 naga warriors (D)
  6 deep elf knights (D)
  4 soul eaters (D)
  8 sun demons (D)
  4 orc high priests (D)
  2 crystal echidnas (D)
  3 sixfirhies (D)
  3 skeletal warriors (D)
  4 pharaoh ants (D)
  A deep troll (shapeshifter) (D)
  3 shadow demons (D)
  A glowing orange brain (D)
  2 deep elf archers (D)
  An orb spider (D)
  10 deep elf zephyrmancers (D)
  11 deep elf pyromancers (D)
  4 orc knights (D)
  4 orc sorcerers (D)
  6 steelbarb worms (D)
  A cyclops (D)
  2 wolf spiders (D)
  7 necromancers (D)
  2 shining eyes (D)
  3 large abominations (D)
  7 moths of wrath (D)
  2 guardian serpents (D)
  2 eyes of devastation (D)
  A black mamba (D)
  8 rust devils (D)
  3 naga magi (D)
  6 demonic crawlers (D)
  4 smoke demons (D)
  12 orange demons (D)
  5 hellions (D)
  2 cane toads (D)
  A komodo dragon (D)
  5 efreet (D)
  2 yaktaurs (D)
  3 tormentors (D)
  5 ice devils (D)
  2 guardian mummies (D)
  4 red devils (D)
  A troll (D)
  2 blink frogs (D)
  3 tarantellas (D)
  A meliai (D)
  7 hornets (D)
  5 hellwings (D)
  24 slime creatures (D)
  2 jumping spiders (D)
  5 air elementals (D)
  3 culicivoras (D)
  A flying skull (D)
  3 water elementals (D)
  A yak (D)
  2 vampires (D)
  2 ynoxinuls (D)
  3 fire elementals (D)
  8 golden eyes (D)
  2 wyverns (D)
  A neqoxec (D)
  A chaos spawn (D)
  3 nagas (D)
  4 water moccasins (D)
  10 hell hounds (D)
  3 floating eyes (D)
  10 orc warriors (D)
  A small abomination (D)
  5 ogres (D)
  A wolf (D)
  2 bullfrogs (D)
  A necrophage (D)
  An earth elemental (D)
  3 wights (D)
  A crimson imp (D)
  A quasit (D)
  2 iron imps (D)
  4 jellies (D)
  An orc priest (D)
  An iguana (D)
  6 orc wizards (D)
  A mummy (D)
  4 adders (D)
  A river rat (D)
  An ufetubus (D)
  4 adder zombies (D)
  4 adder skeletons (D)
  3 orcs (D)
  3 ball pythons (D)
  2 bat skeletons (D)
  2 bat zombies (D)
  3 endoplasms (D)
  2 ball python skeletons (D)
  4 ball python zombies (D)
  4 giant cockroach zombies (D)
  A jackal skeleton (D)
  2 quokka skeletons (D)
  A quokka zombie (D)
  A spectral ball python (D)
  A fire vortex (D)
668 creatures vanquished.

Vanquished Creatures (collateral kills)
  A seraph (D)
  An Orb Guardian (D)
  An Executioner (D)
  A shadow dragon (D)
  A daeva (D)
  A hell beast (D)
  A soul eater (D)
  A shadow demon (D)
  A rust devil (D)
9 creatures vanquished.

Vanquished Creatures (others)
  2 pandemonium lords (D)
  A Tzitzimitl (D)
  A hellephant (D)
  3 liches (D)
  An Orb Guardian (D)
  3 Executioners (D)
  A fire giant (D)
  A daeva (D)
  4 balrugs (D)
  2 demonspawn corrupters (D)
  A demonspawn blood saint (D)
  A reaper (D)
  2 blizzard demons (D)
  2 green deaths (D)
  A great orb of eyes (D)
  A hell beast (D)
  9 hell hogs (D)
  11 sun demons (D)
  8 sixfirhies (D)
  20 large abominations (D)
  2 shadow demons (D)
  A glowing orange brain (D)
  A shining eye (shapeshifter) (D)
  A manticore (D)
  A moth of wrath (D)
  An elephant (D)
  2 toenail golems (D)
  3 rust devils (D)
  An apocalypse crab (D)
  5 smoke demons (D)
  10 orange demons (D)
  7 hellions (D)
  A komodo dragon (shapeshifter) (D)
  4 efreet (D)
  7 red devils (D)
  An ice devil (D)
  A hellwing (D)
  A spriggan (shapeshifter) (D)
  7 ynoxinuls (D)
  14 golden eyes (D)
  A golden eye (shapeshifter) (D)
  10 chaos spawn (D)
  7 neqoxecs (D)
  A floating eye (D)
  5 hell hounds (D)
  2 small abominations (D)
  A centaur (D)
  A white imp (D)
  An ufetubus (D)
  A kobold (D)
176 creatures vanquished.

Grand Total: 853 creatures vanquished

Notes
Turn   | Place    | Note
-------+----------+-------------------------------------------
     0 | D        | BigDaddyOpFi the Hill Orc Fighter began the quest for the
                  | Orb.
     0 | D        | Reached XP level 1. HP: 19/19 MP: 1/1
     0 | D        | Found a blossoming altar of Fedhas.
     0 | D        | Found the +6 Majin-Bo {spellvamp, MP+6 Int+6}
     0 | D        | Found the +27 heavy crossbow "Sniper" {heavy, Acc+∞ SInv}
     0 | D        | Found the +10 dark maul {heavy}
     0 | D        | Found the +15 Maxwell's patent armour {-Cast -Tele rElec
                  | Will+ rCorr}
     0 | D        | Found the +18 shield of the Gong {Loud rElec rN+ Will+
                  | EV-5}
     0 | D        | Found the +16 obsidian axe {drain, demonic, Mesm Drain Fly
                  | SInv}
     0 | D        | Found the +7 great mace "Firestarter" {flame, inner flame,
                  | rFlCloud rF++}
     0 | D        | Found the +6 shillelagh "Devastator" {shatter}
     0 | D        | Found the +11 plutonium sword {Contam Stlth-}
     0 | D        | Found the +8 lance "Wyrmbane" {slay drac, rPois rF+ rC+
                  | AC+3}
     0 | D        | Found the +9 sword of Zonguldrok {reap}
     0 | D        | Found the +13 scythe of Curses {drain, curses, Drain}
     0 | D        | Found the +9 sword of Power {lifebolt}
     0 | D        | Found the +7 mace of Variability {chaos, chain chaos}
     0 | D        | Found the +11 Singing Sword {sonic wave}
     0 | D        | Found the +8 storm bow {elec, penet}
     1 | D        | Found a shimmering blue altar of Sif Muna.
     1 | D        | Found a sacrificial altar of Ru.
     1 | D        | Found a bloodstained altar of Trog.
     1 | D        | Found a stormy altar of Qazlal.
     1 | D        | Found an iron altar of Okawaru.
     1 | D        | Found a sparkling altar of Nemelex Xobeh.
     3 | D        | Found a transporter.
     3 | D        | Found an ancient bone altar of Kikubaaqudgha.
     3 | D        | Found a viscous altar of Jiyva.
     3 | D        | Found a corrupted altar of Lugonu.
     3 | D        | Found a hazy altar of Hepliaklqana.
     3 | D        | Found a burning altar of Makhleb.
     3 | D        | Found an opulent altar of Gozag.
    55 | D        | Became a worshipper of Qazlal Stormbringer
    56 | D        | Reached skill level 5 in Fighting
    56 | D        | Reached skill level 5 in Armour
    56 | D        | Reached skill level 5 in Shields
    56 | D        | Reached XP level 2. HP: 30/30 MP: 2/2
    65 | D        | Entered arena 2.
    65 | D        | Found a transporter.
    67 | D        | Reached skill level 1 in Invocations
    70 | D        | Reached XP level 3. HP: 37/37 MP: 2/4
   124 | D        | Entered arena 3.
   124 | D        | Noticed a yaktaur
   124 | D        | Noticed a yaktaur
   124 | D        | Noticed a centaur
   124 | D        | Found a transporter.
   129 | D        | Killed a centaur
   136 | D        | Killed a yaktaur
   136 | D        | Reached * piety under Qazlal
   137 | D        | Reached skill level 5 in Maces & Flails
   137 | D        | Reached XP level 4. HP: 47/47 MP: 4/7
   137 | D        | Reached XP level 5. HP: 52/52 MP: 4/8
   138 | D        | Killed a yaktaur
   139 | D        | Reached XP level 6. HP: 62/62 MP: 4/11
   294 | D        | Entered arena 4.
   294 | D        | Found a transporter.
   296 | D        | Reached ** piety under Qazlal
   405 | D        | Entered arena 5.
   405 | D        | Noticed a yak
   405 | D        | Found a transporter.
   411 | D        | Killed a yak
   411 | D        | Reached *** piety under Qazlal
   412 | D        | Reached XP level 7. HP: 64/70 MP: 11/13
   431 | D        | Entered arena 6.
   431 | D        | Found the +8 Wrath of Trog {antimagic, *Rage Rampage}
   431 | D        | Found a transporter.
   435 | D        | Reached **** piety under Qazlal
   436 | D        | Reached skill level 10 in Fighting
   456 | D        | Entered arena 7.
   457 | D        | Found a transporter.
   458 | D        | Reached ***** piety under Qazlal
   461 | D        | Reached XP level 8. HP: 78/80 MP: 14/14
   473 | D        | Got the amulet "Kihonaj" {Acrobat rF+}
   482 | D        | Got the Information on Turbulence
   486 | D        | Entered arena 8.
   487 | D        | Found a transporter.
   492 | D        | Reached ****** piety under Qazlal
   504 | D        | Entered arena 9.
   504 | D        | Found the ring of the Mage {Wiz Archmagi}
   504 | D        | Noticed a guardian mummy
   504 | D        | Noticed a flying skull
   504 | D        | Noticed a guardian mummy
   504 | D        | Noticed a royal mummy
   505 | D        | Noticed a death scarab
   505 | D        | Found a transporter.
   506 | D        | Killed a flying skull
   507 | D        | Reached skill level 10 in Armour
   507 | D        | Reached skill level 10 in Shields
   507 | D        | Reached skill level 10 in Invocations
   510 | D        | Noticed a death scarab
   510 | D        | Killed a guardian mummy
   516 | D        | Killed a guardian mummy
   516 | D        | Killed a royal mummy
   517 | D        | Reached XP level 9. HP: 9/93 MP: 8/18
   517 | D        | Reached XP level 10. HP: 10/101 MP: 8/19
   774 | D        | Entered arena 10.
   774 | D        | Noticed a shining eye
   775 | D        | Found a transporter.
   775 | D        | Paralysed by a floating eye for 4 turns
   783 | D        | Killed a shining eye
   786 | D        | Paralysed by a floating eye for 4 turns
   823 | D        | Got the ring "Tubyath" {rPois rC+ Str-5 Dex+6 Stlth+}
   856 | D        | Entered arena 11.
   857 | D        | Found a transporter.
   876 | D        | Entered arena 12.
   876 | D        | Noticed a cane toad
   877 | D        | Noticed a cane toad
   877 | D        | Found a transporter.
   880 | D        | Killed a cane toad
   881 | D        | Killed a cane toad
   882 | D        | Reached XP level 11. HP: 111/111 MP: 21/21
   925 | D        | Entered arena 13.
   925 | D        | Noticed a shadow dragon
   925 | D        | Noticed a soul eater
   925 | D        | Noticed a soul eater
   926 | D        | Noticed a shadow dragon
   926 | D        | Found a transporter.
   936 | D        | Killed a soul eater
   937 | D        | Reached skill level 15 in Invocations
   955 | D        | Killed a soul eater
   956 | D        | Reached skill level 15 in Fighting
   956 | D        | Killed a shadow dragon
   957 | D        | Killed a shadow dragon
  1202 | D        | Entered arena 14.
  1202 | D        | Noticed a necromancer
  1202 | D        | Noticed a necromancer
  1202 | D        | Noticed a skeletal warrior
  1203 | D        | Noticed a necromancer
  1203 | D        | Noticed a necromancer
  1203 | D        | Noticed a vampire mage
  1203 | D        | Noticed a ghoul
  1203 | D        | Noticed a necromancer
  1205 | D        | Killed a necromancer
  1205 | D        | Killed a necromancer
  1205 | D        | Killed a necromancer
  1205 | D        | Killed a necromancer
  1206 | D        | Killed a necromancer
  1206 | D        | Killed a skeletal warrior
  1207 | D        | Reached skill level 15 in Armour
  1207 | D        | Reached skill level 15 in Shields
  1207 | D        | Reached XP level 12. HP: 124/124 MP: 6/24
  1207 | D        | Found a transporter.
  1211 | D        | Killed a ghoul
  1215 | D        | Killed a vampire mage
  1216 | D        | Reached skill level 15 in Maces & Flails
  1264 | D        | Got the ring of Ignis's Generosity {Wiz Contam rPois rF+
                  | Slay+2}
  1274 | D        | Got Sif Muna's Directory of Feathers and Battling
  1304 | D        | Entered arena 15.
  1304 | D        | Noticed a caustic shrike
  1304 | D        | Noticed an iron dragon
  1304 | D        | Noticed an ancient champion
  1305 | D        | Noticed an ancient champion
  1305 | D        | Noticed a quicksilver elemental
  1305 | D        | Noticed a crystal echidna
  1305 | D        | Noticed a war gargoyle
  1305 | D        | Noticed an ancient champion
  1305 | D        | Noticed an ancient champion
  1305 | D        | Noticed a crystal echidna
  1305 | D        | Noticed an iron dragon
  1305 | D        | Noticed a quicksilver elemental
  1305 | D        | Found the +3 pair of mountain boots {steadfast, rC+}
  1306 | D        | Killed a crystal echidna
  1306 | D        | Killed an ancient champion
  1306 | D        | Killed an ancient champion
  1306 | D        | Killed a quicksilver elemental
  1307 | D        | Killed a quicksilver elemental
  1307 | D        | Killed a crystal echidna
  1307 | D        | Killed an ancient champion
  1307 | D        | Killed a war gargoyle
  1310 | D        | Killed an ancient champion
  1311 | D        | Killed a caustic shrike
  1312 | D        | Reached XP level 13. HP: 136/136 MP: 1/26
  1312 | D        | Found a transporter.
  1313 | D        | Killed an iron dragon
  1316 | D        | Killed an iron dragon
  1491 | D        | Entered arena 16.
  1491 | D        | Noticed a ghoul
  1493 | D        | Killed a ghoul
  1494 | D        | Found the amulet of the Four Winds {rN+ Will+++ Clar}
  1495 | D        | Found a transporter.
  1642 | D        | Got Ucagh's Discourse on Transposed Adjuration
  1659 | D        | Entered arena 17.
  1660 | D        | Noticed a rockslime
  1661 | D        | Noticed a rockslime
  1662 | D        | Noticed a great orb of eyes
  1662 | D        | Noticed an acid blob
  1663 | D        | Killed a rockslime
  1663 | D        | Killed a great orb of eyes
  1663 | D        | Killed an acid blob
  1668 | D        | Killed a rockslime
  1669 | D        | Found a transporter.
  1757 | D        | Got the ring of Ikhuf {*Slow rCorr EV+5 Str+5 Int+2}
  1765 | D        | Got the +0 helmet "Giticlol" {Dex+3}
  1776 | D        | Entered arena 18.
  1778 | D        | Noticed Koaps the pandemonium lord
  1778 | D        | Noticed Tafapp the pandemonium lord
  1778 | D        | Noticed Ciutiyw the pandemonium lord
  1779 | D        | Noticed a demonspawn black sun
  1781 | D        | Killed a demonspawn black sun
  1781 | D        | Noticed a Hell Sentinel
  1782 | D        | Noticed Ymaimome the pandemonium lord
  1783 | D        | Killed Tafapp the pandemonium lord
  1783 | D        | Killed Ciutiyw the pandemonium lord
  1784 | D        | Reached XP level 14. HP: 129/149 MP: 11/28
  1802 | D        | Killed Koaps the pandemonium lord
  1821 | D        | Killed Ymaimome the pandemonium lord
  1833 | D        | Killed a Hell Sentinel
  1934 | D        | Found a transporter.
  2026 | D        | Entered arena 19.
  2028 | D        | Noticed a fire giant
  2028 | D        | Noticed a fire giant
  2029 | D        | Killed a fire giant
  2029 | D        | Killed a fire giant
  2029 | D        | Killed a fire giant
  2030 | D        | Noticed a fire giant
  2032 | D        | Killed a fire giant
  2034 | D        | Found a transporter.
  2153 | D        | Entered arena 20.
  2158 | D        | Noticed a nagaraja
  2159 | D        | Identified the +1 rapier "Inalai" {drain, Will+++ Int-4
                  | Dex+3}
  2159 | D        | Killed a nagaraja
  2160 | D        | Reached XP level 15. HP: 162/162 MP: 21/30
  2162 | D        | Found a transporter.
  2351 | D        | Entered arena 21.
  2354 | D        | Noticed a deep elf blademaster
  2354 | D        | Identified the amulet "Dapuoz" {Acrobat rElec rPois Stlth+}
  2354 | D        | Noticed a deep elf blademaster
  2354 | D        | Noticed a deep elf blademaster
  2355 | D        | Noticed a deep elf master archer
  2355 | D        | Noticed a deep elf sorcerer
  2355 | D        | Noticed a deep elf master archer
  2355 | D        | Noticed a deep elf master archer
  2355 | D        | Noticed a deep elf sorcerer
  2355 | D        | Noticed a deep elf sorcerer
  2356 | D        | Killed a deep elf blademaster
  2356 | D        | Killed a deep elf master archer
  2356 | D        | Killed a deep elf master archer
  2356 | D        | Killed a deep elf sorcerer
  2356 | D        | Killed a deep elf sorcerer
  2357 | D        | Identified the ring of Asceticism {rF+ rC+ rN+ Will- Dex+3}
                  | (You took it off a deep elf zephyrmancer in the Dungeon)
  2358 | D        | Killed a deep elf sorcerer
  2358 | D        | Killed a deep elf master archer
  2358 | D        | Killed a deep elf blademaster
  2358 | D        | Killed a deep elf blademaster
  2361 | D        | Found a transporter.
  2465 | D        | Entered arena 22.
  2468 | D        | Noticed a rockslime
  2469 | D        | Noticed a rockslime
  2470 | D        | Killed a rockslime
  2470 | D        | Killed a rockslime
  2470 | D        | Noticed an azure jelly
  2472 | D        | Noticed a rockslime
  2473 | D        | Found the +6 arbalest "Damnation" {damnation}
  2474 | D        | Killed a rockslime
  2475 | D        | Killed an azure jelly
  2476 | D        | Found a transporter.
  2651 | D        | Entered arena 23.
  2656 | D        | Noticed an orc warlord
  2657 | D        | Noticed an orc warlord
  2657 | D        | Found the +8 whip "Snakebite" {venom, curare, rPois}
  2657 | D        | Identified the ring of the Lotus Blossom {rElec rC+ rCorr}
  2657 | D        | Noticed an orc warlord
  2658 | D        | Killed an orc warlord
  2658 | D        | Killed an orc warlord
  2658 | D        | Killed an orc warlord
  2659 | D        | Reached XP level 16. HP: 167/179 MP: 24/33
  2661 | D        | Found a transporter.
  2663 | D        | Reached skill level 27 in Invocations
  2847 | D        | Entered arena 24.
  2852 | D        | Noticed a deep elf master archer
  2853 | D        | Noticed a deep elf master archer
  2853 | D        | Noticed a deep elf master archer
  2853 | D        | Noticed a deep elf master archer
  2853 | D        | Noticed a deep elf master archer
  2853 | D        | Noticed a deep elf master archer
  2853 | D        | Noticed a deep elf blademaster
  2854 | D        | Killed a deep elf master archer
  2854 | D        | Killed a deep elf master archer
  2854 | D        | Killed a deep elf master archer
  2854 | D        | Killed a deep elf master archer
  2854 | D        | Killed a deep elf master archer
  2854 | D        | Identified the ring of Brawling {rN+ Int+3}
  2854 | D        | Noticed a deep elf blademaster
  2856 | D        | Killed a deep elf master archer
  2856 | D        | Killed a deep elf blademaster
  2856 | D        | Killed a deep elf blademaster
  2857 | D        | Reached skill level 27 in Fighting
  2857 | D        | Reached skill level 27 in Shields
  2858 | D        | Noticed a deep elf master archer
  2858 | D        | Identified the ring "Poalonaj" {Fire Will++ Dex+4}
  2859 | D        | Noticed a deep elf blademaster
  2860 | D        | Killed a deep elf master archer
  2860 | D        | Killed a deep elf master archer
  2860 | D        | Killed a deep elf master archer
  2865 | D        | Killed a deep elf blademaster
  2866 | D        | Reached XP level 17. HP: 159/191 MP: 11/34
  2870 | D        | Found a transporter.
  3001 | D        | Entered arena 25.
  3007 | D        | Noticed a deep elf master archer
  3007 | D        | Noticed a deep elf blademaster
  3007 | D        | Identified the +4 mace "Noemn" {vamp, +Blink Str+7 Int-4}
  3008 | D        | Noticed a deep elf blademaster
  3008 | D        | Noticed a deep elf blademaster
  3008 | D        | Noticed a deep elf blademaster
  3008 | D        | Noticed a deep elf blademaster
  3008 | D        | Identified the +0 robe of the Ladybird {rN++ Dex-3 SInv}
  3008 | D        | Noticed a deep elf master archer
  3009 | D        | Killed a deep elf blademaster
  3009 | D        | Killed a deep elf master archer
  3009 | D        | Killed a deep elf blademaster
  3009 | D        | Killed a deep elf blademaster
  3009 | D        | Killed a deep elf blademaster
  3010 | D        | Reached skill level 27 in Maces & Flails
  3010 | D        | Reached skill level 27 in Armour
  3010 | D        | Noticed a deep elf master archer
  3010 | D        | Identified the amulet "Tifag" {RegenMP rPois}
  3010 | D        | Paralysed by an air elemental for 1 turns
  3010 | D        | Identified the +8 battleaxe "Opa Quoj" {flame, rC+ Str+3}
  3011 | D        | Killed a deep elf blademaster
  3011 | D        | Killed a deep elf master archer
  3011 | D        | Killed a deep elf master archer
  3012 | D        | Noticed a deep elf master archer
  3013 | D        | Noticed a deep elf blademaster
  3013 | D        | Found a transporter.
  3013 | D        | Paralysed by an air elemental for 1 turns
  3014 | D        | Killed a deep elf master archer
  3015 | D        | Paralysed by an air elemental for 1 turns
  3017 | D        | Killed a deep elf blademaster
  3147 | D        | Got the Essays on the Gang and Contamination
  3149 | D        | Got the +0 pair of gloves of the Present {rPois rC+ Will+
                  | Regen+}
  3153 | D        | Got the Tome of the Gathering and the Boulder
  3161 | D        | Got the Grimoire of the Map
  3166 | D        | Got the Information on Vile Refrigeration
  3179 | D        | Entered arena 26.
  3187 | D        | Noticed a searing wretch
  3187 | D        | Noticed a hellephant
  3187 | D        | Noticed a Brimstone Fiend
  3187 | D        | Noticed a searing wretch
  3187 | D        | Noticed a searing wretch
  3187 | D        | Noticed a searing wretch
  3188 | D        | Noticed a dread lich
  3188 | D        | Noticed a Brimstone Fiend
  3188 | D        | Noticed a searing wretch
  3188 | D        | Noticed a searing wretch
  3188 | D        | Noticed a searing wretch
  3188 | D        | Noticed a hellephant
  3188 | D        | Noticed a hellephant
  3188 | D        | Noticed a hellephant
  3188 | D        | Noticed a Brimstone Fiend
  3188 | D        | Noticed a searing wretch
  3189 | D        | Killed a Brimstone Fiend
  3189 | D        | Identified the +9 falchion of the Six Knaves {flame,
                  | *Corrode rPois rF+ Dex+3}
  3189 | D        | Noticed a searing wretch
  3190 | D        | Killed a Brimstone Fiend
  3190 | D        | Killed a searing wretch
  3190 | D        | Killed a searing wretch
  3190 | D        | Killed a searing wretch
  3190 | D        | Killed a Brimstone Fiend
  3190 | D        | Killed a searing wretch
  3190 | D        | Killed a searing wretch
  3190 | D        | Killed a hellephant
  3190 | D        | Killed a hellephant
  3190 | D        | Killed a hellephant
  3190 | D        | Killed a searing wretch
  3190 | D        | Killed a searing wretch
  3190 | D        | Killed a searing wretch
  3191 | D        | Reached XP level 18. HP: 20/200 MP: 18/35
  3191 | D        | Noticed a hellephant
  3191 | D        | Noticed a Brimstone Fiend
  3191 | D        | Identified the +6 bardiche of the Secret Demons {pain,
                  | rPois rC+}
  3192 | D        | Noticed a hellephant
  3192 | D        | Noticed a hellephant
  3193 | D        | Killed a Brimstone Fiend
  3193 | D        | Killed a dread lich
  3193 | D        | Killed a searing wretch
  3193 | D        | Killed a hellephant
  3193 | D        | Identified the +8 dagger "Nyrusy" {drain, MP+9}
  3194 | D        | Killed a hellephant
  3194 | D        | Killed a hellephant
  3194 | D        | Noticed a searing wretch
  3195 | D        | Noticed a Brimstone Fiend
  3197 | D        | Killed a Brimstone Fiend
  3197 | D        | Killed a searing wretch
  3198 | D        | Reached skill level 27 in Evocations
  3199 | D        | Killed a hellephant
  3203 | D        | Found the +12 glaive of Prune {freeze, Prune}
  3204 | D        | Found a transporter.
  3207 | D        | Killed a searing wretch
  3339 | D        | Got the ring "Xoifiw" {*Slow Will+++ Str-5 Dex+6 SInv}
  3339 | D        | Got Sif Muna's Handbook of Geometries and Changes
  3346 | D        | Got the ring "Deuheuq" {rElec rPois rC+ Will++ Str-4}
  3461 | D        | Entered arena 27.
  3468 | D        | Identified the +10 great mace "Addot" {heavy, rC+ rN+++
                  | Str-2 Int-3}
  3469 | D        | Identified the +7 great sword "Quijowar" {flame, rCorr
                  | Int+2}
  3469 | D        | Identified the +4 long sword "Impbane" {freeze, *Noise
                  | rElec rPois SInv}
  3473 | D        | Reached XP level 19. HP: 206/207 MP: 19/36
  3473 | D        | Found the +8 demon trident "Rift" {distort, reach+}
  3647 | D        | Found a transporter.
  3655 | D        | Entered arena 28.
  3667 | D        | Reached skill level 27 in Dodging
  4104 | D        | Found the amulet of the Air {Inacc Air Fly rElec RMsl}
  4106 | D        | Found a transporter.
  4160 | D        | Got the Verses on Blows
  4186 | D        | Got the Orb of Zot
  4947 | D        | Reached XP level 20. HP: 216/216 MP: 37/37
  4951 | D        | Noticed a Brimstone Fiend
  4968 | D        | Killed a Brimstone Fiend
  5178 | D        | Noticed a hellephant
  5195 | D        | Killed a hellephant
  6026 | D        | Noticed Sikal the pandemonium lord
  6027 | D        | Killed Sikal the pandemonium lord
  7379 | D        | Noticed a seraph
  7384 | D        | Killed a seraph
  7751 | D        | Noticed a Brimstone Fiend
  7759 | D        | Killed a Brimstone Fiend
  8171 | D        | Gained mutation: You are frail. (-10% HP) [a cacodemon]
  9123 | D        | Gained mutation: You have hidden genetic defects. [a
                  | cacodemon]
  9849 | D        | Noticed a Brimstone Fiend
  9868 | D        | Killed a Brimstone Fiend
  9869 | D        | Reached skill level 27 in Stealth
 10080 | D        | Noticed Sehuupif the pandemonium lord
 10080 | D        | Noticed an ancient lich
 10081 | D        | Reached skill level 5 in Spellcasting
 10083 | D        | Killed Sehuupif the pandemonium lord
 10116 | D        | Killed an ancient lich
 10144 | D        | Gained mutation: You have very sharp teeth. [a cacodemon]
 10154 | D        | Reached skill level 10 in Spellcasting
 11296 | D        | Gained mutation: You occasionally shout uncontrollably at
                  | your foes. [a neqoxec]
 11298 | D        | Gained mutation: Your movements are slightly less
                  | encumbered by armour. (ER -2) [a neqoxec]
 11308 | D        | Gained mutation: You occasionally lose the ability to read
                  | scrolls when taking damage. [hidden defects]
 11391 | D        | Noticed Liuzxuva the pandemonium lord
 11394 | D        | Killed Liuzxuva the pandemonium lord
 11516 | D        | Noticed Bigoud the pandemonium lord
 11556 | D        | Killed Bigoud the pandemonium lord
 11557 | D        | Reached skill level 15 in Spellcasting
 12911 | D        | Reached skill level 1 in Conjurations
 12911 | D        | Reached skill level 1 in Fire Magic
 13322 | D        | Gained mutation: You are dopey. (Int -2) [hidden defects]
 13322 | D        | Lost mutation: You have hidden genetic defects. [hidden
                  | defects expressed]
 13350 | D        | Noticed Zitomurud the pandemonium lord
 13367 | D        | Noticed a Tzitzimitl
 13384 | D        | Killed Zitomurud the pandemonium lord
 13385 | D        | Reached XP level 21. HP: 98/201 MP: 41/43
 13718 | D        | Noticed a seraph
 13719 | D        | Killed a seraph
 13770 | D        | Learned a level 5 spell: Iskenderun's Battlesphere
 14258 | D        | Reached skill level 10 in Fire Magic
 14281 | D        | Reached skill level 10 in Conjurations
 14754 | D        | Learned a level 7 spell: Orb of Destruction
 14896 | D        | Noticed Hijal the pandemonium lord
 14897 | D        | Killed Hijal the pandemonium lord
 15810 | D        | Noticed Hecuus the pandemonium lord
 15810 | D        | Killed Hecuus the pandemonium lord
 15812 | D        | Reached skill level 15 in Conjurations
 16502 | D        | Reached skill level 5 in Earth Magic
 16732 | D        | Noticed Ohuico the pandemonium lord
 16773 | D        | Killed Ohuico the pandemonium lord
 17013 | D        | Reached skill level 15 in Earth Magic
 18089 | D        | Learned a level 8 spell: Lehudib's Crystal Spear
 18206 | D        | Escaped with the Orb!

Illustrated notes

Levels and vault maps discovered:
D:        sprint_v [room_start, room_1, room_2, room_3, room_4, room_5, room_6,
          room_7, room_8, room_9, room_10, room_11, room_12, room_13, room_14,
          room_15, room_16, room_17, room_18, room_19, room_20, room_21,
          room_22, room_23, room_24, room_25, room_26, room_27]

Skill      XL: |  1  2  3  4  5  6  7  8  9 10 11 12 13 14 15 16 17 18 19 20 21 |
---------------+----------------------------------------------------------------+-----
Fighting       | 5 6 7 8 9 10 13 14 16 18 20 22 25 27 | 27.0
Maces & Flails | 3 4 5 7 8 11 12 14 16 19 20 23 26 27 | 27.0
Armour         | 5 6 8 9 12 13 15 17 19 20 23 26 27 | 27.0
Shields        | 5 6 8 9 12 13 15 17 19 22 25 27 | 27.0
Invocations    | 1 4 7 8 9 13 14 16 19 21 23 26 27 | 27.0
Dodging        | 16 25 27 | 27.0
Evocations     | 22 27 | 27.0
Stealth        | 19 27 | 27.0
Spellcasting   | 18 20 | 20.4
Conjurations   | 6 15 | 15.9
Fire Magic     | 6 14 | 14.1
Earth Magic    | 18 | 18.4
Axes           | |  2.6

Action                     |  1- 3 |  4- 6 |  7- 9 | 10-12 | 13-15 | 16-18 | 19-21 || total
---------------------------+-------+-------+-------+-------+-------+-------+-------++-------
  Melee: Shillelagh        |     9 |     8 |    29 |    56 |    62 |    16 |   745 ||   925
         Bite              |       |       |       |       |       |       |    64 ||    64
   Cast: Orb of Destructio |       |       |       |       |       |       |     9 ||     9
         Lehudib's Crystal |       |       |       |       |       |       |     2 ||     2
         Iskenderun's Batt |       |       |       |       |       |       |     1 ||     1
 Invoke: Disaster Area     |       |       |     1 |     6 |    17 |    16 |    24 ||    64
         Elemental Force   |       |       |       |     1 |       |       |     2 ||     3
         Upheaval          |       |       |       |       |     1 |     1 |     2 ||     4
  Evoke: Wand              |     3 |       |       |       |       |       |       ||     3
         Phantom mirror    |       |       |       |       |       |       |     8 ||     8
    Use: Potion            |     1 |       |       |     2 |     6 |     3 |     3 ||    15
         Scroll            |       |       |       |       |     5 |       |    11 ||    16
 Armour: Plate armour      |     7 |     3 |     8 |    59 |    49 |    12 |   115 ||   253
         Skin              |       |       |       |       |       |       |     5 ||     5
  Dodge: Dodged            |       |     1 |     1 |    13 |    16 |    12 |   117 ||   160
         Repelled          |       |       |       |     1 |     1 |     5 |     2 ||     9
  Block: Kite shield       |    22 |    15 |    38 |   139 |   137 |    31 |   766 ||  1148

Table legend: (Time is in decaauts) A = Elapsed time spent in this place. B = Non-inter-level travel time spent in this place. C = Inter-level travel time spent in this place. D = Time resting spent in this place. E = Time spent auto-exploring this place. F = Levels seen in this place. G = Mean time per level. A B C D E F G +--------+--------+--------+--------+--------+-----+--------+ Total | 17880 | 17880 | 0 | 15651 | 64 | 1 | 17880.0 | Dungeon | 17880 | 17880 | 0 | 15651 | 64 | 1 | 17880.0 | +--------+--------+--------+--------+--------+-----+--------+

Top non-repeatable levels by time:
       D: 17880 daAuts
